 Dungeon Crawl Stone Soup version 0.29.1 (webtiles) character file.

Game seed: 14546927809801149249

24831 groovy9 the Brawler (level 12, -3/126 HPs)
             Began as a Troll Fighter on Sept 13, 2022.
             Was a High Priest of Wu Jian.
             Slain by an ettin
             ... wielding a +0 dire flail
              (31 damage)
             ... on level 1 of the Orcish Mines.
             The game lasted 00:52:13 (12725 turns).

groovy9 the Brawler (Troll Fighter)                Turns: 12725, Time: 00:52:14

Health: -3/126     AC:  9    Str: 27    XL:     12   Next: 84%
Magic:  11/11      EV:  9    Int:  8    God:    Wu Jian [*****.]
Gold:   955        SH: 10    Dex:  9    Spells: 11/11 levels left

rFire   . . .      SeeInvis +     - Unarmed
rCold   . . .      Faith    .   b - +0 kite shield
rNeg    . . .      Spirit   .   e - +1 robe {Will+}
rPois   .          Reflect  .   (helmet restricted)
rElec   .          Harm     .   (no cloak)
rCorr   .          Rampage  .   (gloves unavailable)
Will    +....                   (boots unavailable)
Stlth   +.........              (no amulet)
HPRegen 1.11/turn               w - ring of see invisible
MPRegen 0.12/turn               B - +4 ring of protection

@: no status effects
A: large, unfitting armour, claws 3, regeneration 1, shaggy fur 1, tough skin 1
a: Renounce Religion, Wall Jump, Serpent's Lash, Heavenly Storm


You were on level 1 of the Orcish Mines.
You worshipped Wu Jian.
Wu Jian was extremely pleased with you.
You visited 4 branches of the dungeon, and saw 15 of its levels.

You collected 973 gold pieces.
You spent 18 gold pieces at shops.

Inventory:

Missiles
 n - 15 boomerangs
 p - 12 large rocks (quivered)
Armour
 b - a +0 kite shield (worn)
 e - a +1 robe of willpower (worn)
Jewellery
 w - a ring of see invisible (left claw)
 x - a ring of flight
 B - a +4 ring of protection (right claw)
Wands
 c - a wand of flame (27)
 f - a wand of paralysis (34)
 g - a wand of iceblast (14)
 o - a wand of acid (9)
 s - a wand of mindburst (3)
Scrolls
 a - 2 scrolls of amnesia
 d - 6 scrolls of teleportation
 q - 3 scrolls of poison
 t - 2 scrolls of butterflies
 u - a scroll of fear
 y - 6 scrolls of identify
 A - a scroll of blinking
 E - a scroll of silence
 F - a scroll of summoning
Potions
 h - 9 potions of curing
 i - 2 potions of brilliance
 j - 2 potions of flight
 k - 9 potions of lignification
 l - 2 potions of might
 m - a potion of ambrosia
 r - 2 potions of haste
 v - a potion of magic
 C - a potion of degeneration
 D - a potion of attraction


   Skills:
 + Level 9.7 Fighting
 - Level 2.4 Dodging
 + Level 10.6 Shields
 * Level 15.5 Unarmed Combat


You had 11 spell levels left.
You didn't know any spells.
Your spell library contained the following spells:

 Spells                   Type           Power      Damage    Failure   Level
 Freeze                   Ice            0%         1d3       61%         1
 Magic Dart               Conj           0%         1d3       61%         1
 Sting                    Tmut/Pois      0%         1d3       61%         1
 Blink                    Tloc           0%         N/A       75%         2
 Call Imp                 Summ           0%         N/A       75%         2
 Ensorcelled Hibernation  Hex/Ice        0%         N/A       75%         2
 Poisonous Vapours        Pois/Air       0%         N/A       75%         2
 Sublimation of Blood     Necr           0%         N/A       75%         2
 Wereblood                Tmut           0%         N/A       75%         2
 Lesser Beckoning         Tloc           0%         N/A       93%         3
 Mephitic Cloud           Conj/Pois/Air  0%         N/A       93%         3
 Ozocubu's Armour         Ice            0%         N/A       93%         3
 Summon Guardian Golem    Hex/Summ       0%         N/A       93%         3
 Olgreb's Toxic Radiance  Pois           0%         N/A       100%        4
 Petrify                  Tmut/Erth      0%         N/A       100%        4
 Summon Ice Beast         Ice/Summ       0%         N/A       100%        4
 Alistair's Intoxication  Tmut/Pois      0%         N/A       100%        5
 Blade Hands              Tmut           0%         N/A       100%        5
 Irradiate                Conj/Tmut      0%         3d11      100%        5
 Manifold Assault         Tloc           0%         N/A       100%        5
 Yara's Violent Unravell  Hex/Tmut       0%         3d3       100%        5
 Dragon Form              Tmut           0%         N/A       100%        7
 Orb of Destruction       Conj           0%         9d5       100%        7
 Spellforged Servitor     Conj/Summ      0%         N/A       100%        7
 Summon Hydra             Summ           0%         N/A       100%        7


Dungeon Overview and Level Annotations

Branches:
Dungeon (10/15)            Temple (1/1) D:6            Lair (3/5) D:9
  Swamp (0/4) Lair:3        Snake (0/4) Lair:3          Orc (1/2) D:10

Altars:
Ashenzari
Fedhas
Kikubaaqudgha
Makhleb
Nemelex Xobeh
Qazlal
Sif Muna
Trog
Vehumet
Wu Jian
Xom
Yredelemnul
Zin

Shops:
D:6 *   D:10 *

Annotations:
D:8 exclusion: statue
Lair:1 1 runed translucent door, groovy9's ghost, journeyman HOFi


Innate Abilities, Weirdness & Mutations

You are too large for most types of armour.
You have claws for hands.
Your natural rate of healing is unusually fast.
You are covered in fur. (AC +1)
You have tough skin. (AC +1)


Message History

You block the warg's attack.
You mangle the warg!!
You kill the warg!
The Council accepts your kill.
You start resting.
HP restored.
You now have 955 gold pieces (gained 9).
An ettin comes into view. It is wielding two +0 dire flails.
The ettin shouts in stereo!
The ettin moves out of view.
You lunge at the ettin.
You mangle the ettin!!
The ettin is heavily wounded.
You block the ettin's attack.
The ettin hits you with a +0 dire flail.
You scratch the ettin.
The ettin is heavily wounded.
You barely miss the ettin.
The ettin is heavily wounded.
The ettin hits you with a +0 dire flail! x2
You are too injured to fight recklessly!
You are too injured to fight recklessly!
You are too injured to fight recklessly!
You are too injured to fight recklessly!
You are too injured to fight recklessly!
You are too injured to fight recklessly!
You are too injured to fight recklessly!
You mangle the ettin!!
The ettin is severely wounded.
The ettin barely misses you.
The ettin hits you with a +0 dire flail!!
You claw the ettin!
The ettin is severely wounded.
The ettin hits you with a +0 dire flail!
The ettin hits you with a +0 dire flail!!
* * * LOW HITPOINT WARNING * * *
You feel much better.
The ettin hits you with a +0 dire flail!
* * * LOW HITPOINT WARNING * * *
The ettin hits you with a +0 dire flail!!
You die...

.####.##... .#........
......#..# ......... ###
........# ##.###.......#
####...##C.......
##.#...#..@......#
#...#............#
#####.###...##.......
##.##....#.....#...........
#.........#.......###.....
##.......................
#......................
##..................#. .
#........>..........## ...


You could see an ettin.

Vanquished Creatures
  A hydra (Lair:2)
  A catoblepas (Lair:1)
  A two-headed ogre (D:9)
  3 bog bodies (Lair:3)
  Pikel (D:5)
  2 orc sorcerers (Orc:1)
  4 elephants
  Joseph (D:8)
  A black mamba (Lair:3)
  3 cane toads
  2 rime drakes (Lair:3)
  Psyche (D:8)
  2 gargoyles (D:10)
  3 komodo dragons
  2 polar bears (Lair:2)
  3 hornets
  Prince Ribbit (Lair:2)
  10 blink frogs
  Sigmund (D:3)
  A spriggan (Lair:2)
  4 wyverns
  Grum (D:10)
  20 yaks
  A basilisk (Lair:3)
  Menkaure (D:4)
  A warg (Orc:1)
  A swamp worm (Lair:3)
  4 nagas (Lair:3)
  7 water moccasins
  8 orc warriors
  An ice beast (D:5)
  2 black bears
  A sky beast (D:6)
  An ogre (Orc:1)
  7 wolves
  9 centaurs
  Blork the orc (D:5)
  2 necrophages
  2 kobold brigands
  9 bullfrogs
  11 scorpions
  8 wights (D:6)
  10 killer bees
  5 howler monkeys
  An electric eel (Lair:3)
  2 jellies (D:5)
  5 hounds
  18 orc priests
  A gnoll bouda (D:8)
  Terence (D:3)
  2 iguanas
  11 orc wizards
  Robin (D:2)
  7 adders
  13 gnolls
  3 white imps
  3 ufetubi
  2 worms
  80 orcs
  4 ball pythons
  7 bats
  4 endoplasms
  9 giant cockroaches
  14 goblins
  4 hobgoblins
  3 jackals (D:2)
  2 quokkas (D:4)
  2 frilled lizards (D:2)
  13 kobolds
  6 rats
  A butterfly (D:6)
380 creatures vanquished.

Vanquished Creatures (others)
  13 fungi
  16 plants
29 creatures vanquished.

Grand Total: 409 creatures vanquished

Notes
Turn   | Place    | Note
-------+----------+-------------------------------------------
     0 | D:1      | groovy9 the Troll Fighter began the quest for the Orb.
     0 | D:1      | Reached XP level 1. HP: 22/22 MP: 0/0
   158 | D:1      | Found a faded altar of an unknown god.
   311 | D:1      | Reached XP level 2. HP: 28/29 MP: 1/1
   600 | D:2      | Noticed Robin
   610 | D:2      | Reached XP level 3. HP: 26/36 MP: 2/2
   631 | D:2      | Reached skill level 3 in Unarmed Combat
   649 | D:2      | Killed Robin
   916 | D:2      | Reached XP level 4. HP: 44/44 MP: 3/3
  1292 | D:3      | Noticed Terence
  1308 | D:3      | Killed Terence
  1324 | D:3      | Found an ancient bone altar of Kikubaaqudgha.
  1327 | D:3      | Found a bloodstained altar of Trog.
  1331 | D:3      | Found a broken altar of Ashenzari.
  1366 | D:3      | Reached skill level 4 in Unarmed Combat
  1366 | D:3      | Reached XP level 5. HP: 23/53 MP: 4/4
  1463 | D:3      | Noticed Sigmund
  1540 | D:3      | Killed Sigmund
  1541 | D:3      | Reached XP level 6. HP: 25/61 MP: 5/5
  1595 | D:3      | Reached skill level 5 in Unarmed Combat
  2263 | D:4      | Noticed Menkaure
  2275 | D:4      | Killed Menkaure
  2276 | D:4      | Reached XP level 7. HP: 23/68 MP: 6/6
  2498 | D:4      | Reached skill level 6 in Unarmed Combat
  2804 | D:5      | Entered Level 5 of the Dungeon
  2841 | D:5      | Noticed Pikel
  2962 | D:5      | Killed Pikel
  2963 | D:5      | Reached skill level 5 in Shields
  2963 | D:5      | Reached skill level 7 in Unarmed Combat
  2963 | D:5      | Reached XP level 8. HP: 34/79 MP: 7/7
  3045 | D:5      | Reached skill level 5 in Fighting
  3114 | D:5      | Found a sparkling altar of Nemelex Xobeh.
  3292 | D:5      | Reached skill level 8 in Unarmed Combat
  3436 | D:5      | Noticed Blork the orc
  3461 | D:5      | Killed Blork the orc
  3802 | D:6      | Found a staircase to the Ecumenical Temple.
  3814 | Temple   | Entered the Ecumenical Temple
  3842 | Temple   | Became a worshipper of the Wu Jian Council
  3896 | D:6      | Reached XP level 9. HP: 88/88 MP: 8/8
  3983 | D:6      | Found Raryfiul's Mass Market.
  4004 | D:6      | Bought 2 large rocks for 18 gold pieces
  4131 | D:6      | Reached skill level 9 in Unarmed Combat
  4403 | D:6      | Found a runed translucent door.
  4405 | D:6      | Found a runed translucent door.
  4426 | D:6      | Reached * piety under Wu Jian
  4667 | D:6      | Reached skill level 10 in Unarmed Combat
  4937 | D:7      | Paralysed by a hornet for 2 turns
  4941 | D:7      | Paralysed by a hornet for 2 turns
  5452 | D:8      | Reached XP level 10. HP: 100/100 MP: 9/9
  5454 | D:8      | Reached ** piety under Wu Jian
  5629 | D:8      | Found a radiant altar of Vehumet.
  5717 | D:8      | Noticed Psyche
  5721 | D:8      | Noticed Joseph
  5724 | D:8      | Killed Psyche
  5734 | D:8      | Killed Joseph
  5735 | D:8      | Reached skill level 11 in Unarmed Combat
  6027 | D:8      | Found a shimmering altar of Xom.
  6582 | D:9      | Found a staircase to the Lair.
  6702 | D:9      | Reached *** piety under Wu Jian
  6765 | D:9      | Reached skill level 12 in Unarmed Combat
  7308 | D:10     | Entered Level 10 of the Dungeon
  7360 | D:10     | Found Boin's General Store.
  7447 | D:10     | Reached XP level 11. HP: 98/109 MP: 10/10
  7461 | D:10     | Noticed a two-headed ogre
  7471 | D:9      | Killed a two-headed ogre
  7525 | D:10     | Found a staircase to the Orcish Mines.
  8255 | D:10     | Found a burning altar of Makhleb.
  8255 | D:10     | Found a basalt altar of Yredelemnul.
  8344 | D:10     | Reached **** piety under Wu Jian
  8783 | D:10     | Reached skill level 13 in Unarmed Combat
  8799 | D:10     | Noticed Grum
  8811 | D:10     | Killed Grum
  8933 | Lair:1   | Entered Level 1 of the Lair of Beasts
  9247 | Lair:1   | Noticed a catoblepas
  9264 | Lair:1   | Killed a catoblepas
  9536 | Lair:1   | Found a runed translucent door.
  9537 | Lair:1   | Noticed groovy9's ghost (journeyman HOFi)
  9538 | Lair:1   | Identified the +1 spear of the Sybil {venom, *Rage Will+++
                  | Str-4 Dex+4}
  9540 | Lair:1   | Noticed a spriggan rider
  9582 | Lair:1   | Got the Treatise on the Glacier and Vitiation
 10125 | Lair:2   | Got Vuummeun's Verses on Variation
 10431 | Lair:2   | Reached skill level 14 in Unarmed Combat
 10431 | Lair:2   | Reached XP level 12. HP: 113/122 MP: 11/11
 10524 | Lair:2   | Noticed a six-headed hydra
 10541 | Lair:2   | Killed an eight-headed hydra
 10824 | Lair:2   | Noticed Prince Ribbit
 10857 | Lair:2   | Killed Prince Ribbit
 11107 | Lair:3   | Reached skill level 10 in Shields
 11305 | Lair:3   | Noticed a four-headed hydra
 11525 | Lair:3   | Reached skill level 15 in Unarmed Combat
 11690 | Lair:3   | Found a staircase to the Swamp.
 11987 | Lair:3   | Reached ***** piety under Wu Jian
 12157 | Lair:3   | Found a staircase to the Snake Pit.
 12607 | Orc:1    | Entered Level 1 of the Orcish Mines
 12647 | Orc:1    | Paralysed by an orc sorcerer for 3 turns
 12717 | Orc:1    | Noticed an ettin
 12725 | Orc:1    | Slain by an ettin

Illustrated notes

Levels and vault maps discovered:
D:1:      zelgadis_glass_arrival_small, layout_basic,
          shapermc_ecumenical_altar_venn
D:2:      layout_basic, uniq_robin
D:3:      layout_basic, grunt_temple_overflow_diamond, uniq_terence,
          uniq_sigmund
D:4:      layout_basic, minivault_27, uniq_menkaure
D:5:      layout_basic, mainiacjoe_overflow_small_starburst, serial_glass,
          glass_columns_a, glass_columns_c, feat_on_display,
          due_unseen_surprise, minmay_strange_pillars, minmay_strange_pillars,
          uniq_blork_the_orc, uniq_pikel
D:6:      lemuel_insect_pit, layout_rooms, temple_fountains, minmay_shop_mass
D:7:      layout_rooms, chequers_serial_rivers_small_b,
          chequers_serial_rivers_small_3, kennysheep_generic_room_5
D:8:      nicolae_whirlpool, layout_basic, nicolae_overflow_crystal_walls,
          vehumet_statue, kennysheep_pointless_box, david_defended_altar_orc,
          uniq_joseph, uniq_psyche
D:9:      layout_irregular_city, lair_entry_dummy
D:10:     layout_roguey [special_room_orc], gammafunk_temple_overflow_pools,
          minmay_orc_entry_temple_large, serial_shops, nicolae_shop_stone,
          uniq_grum
Temple:   jpeg_temple_clearing
Lair:1:   layout_chaotic_city, ebering_ghost_funeral_grove, guppyfry_lair_drakes
Lair:2:   layout_gridlike, forest_entry_grove, uniq_prince_ribbit2
Lair:3:   layout_long_grid, nicolae_swamp_entry_splash_gauntlet,
          minmay_snake_entry_guardpost_medium, lemuel_fruit_tree,
          infiniplex_staircase_pool_2
Orc:1:    layout_caves, minmay_orc_keep

Skill      XL: |  1  2  3  4  5  6  7  8  9 10 11 12 |
---------------+-------------------------------------+-----
Shields        | 3 4 5 6 7 8 9 10 | 10.6
Unarmed Combat | 3 4 5 7 8 10 12 14 15 | 15.5
Fighting       | 3 4 5 6 7 8 9 |  9.7
Dodging        | |  2.4

Action                   |  1- 3 |  4- 6 |  7- 9 | 10-12 || total
-------------------------+-------+-------+-------+-------++-------
Melee: Unarmed           |   110 |   103 |   292 |   688 ||  1193
Throw: Large rock        |       |       |       |    15 ||    15
Invok: Lunge             |       |       |    22 |    79 ||   101
       Whirlwind         |       |       |     2 |    31 ||    33
       Serpent's Lash    |       |       |       |     1 ||     1
  Use: Scroll            |       |    10 |     7 |    10 ||    27
       Potion            |       |     1 |     3 |     5 ||     9
Armor: Robe              |    35 |    23 |    54 |   113 ||   225
       Skin              |       |       |       |    23 ||    23
Dodge: Dodged            |    37 |    23 |    61 |   177 ||   298
Block: Kite shield       |    33 |    34 |    98 |   262 ||   427
